 Dungeon Crawl Stone Soup version 0.19-a0-1493-gd0fcaa6 (webtiles) character file.

40496 epen the Unforgettable (level 14, -22/99 HPs)
             Began as a Merfolk Monk on Sept 9, 2016.
             Was the Champion of Hepliaklqana.
             Annihilated by a komodo dragon (78 damage)
             ... summoned by a boggart
             ... on level 6 of the Lair of Beasts.
             The game lasted 00:36:29 (18408 turns).

epen the Unforgettable (Merfolk Monk)              Turns: 18408, Time: 00:36:30

Health: -22/99     AC: 15    Str: 22    XL:     14   Next: 11%
Magic:  23/23      EV: 21    Int: 10    God:    Hepliaklqana [******]
Gold:   662        SH: 14    Dex: 14    Spells: 0 memorised, 13 levels left

rFire  + . .     SeeInvis +     Q - +3 trident
rCold  + + .     Gourm    .     g - +5 scale mail of Voluce {-Cast Regen+ Str+7 Dex-3}
rNeg   . . .     Faith    .     k - +2 buckler
rPois  .         Spirit   .     W - +0 helmet
rElec  .         Dismiss  .     (no cloak)
rCorr  +         Reflect  +     (no gloves)
MR     +....     Harm     .     x - +2 pair of boots of the Echidna {rCorr}
Stlth  +......... NoCast   +    r - +6 amulet of reflection
                                U - +4 ring of evasion
                                L - ring "Fealo" {rC+ SInv}

@: no status effects
A: change form in water, swift swim, stealthy swim, blurry vision 1, cold
resistance 1, deformed body, fire resistance 1, wild magic 1, evolution 1
a: Recall Ancestor, Ancestor Identity, Transference, Idealise, Renounce Religion


You were on level 6 of the Lair of Beasts.
You worshipped Hepliaklqana.
Hepliaklqana was exalted by your worship.
You were not hungry.

You visited 2 branches of the dungeon, and saw 17 of its levels.

You collected 1036 gold pieces.
You spent 374 gold pieces at shops.

Inventory:

Hand Weapons
 N - a +1 glaive
 Q - a +3 trident (weapon)
Missiles
 B - 2 throwing nets (quivered)
Armour
 g - the +5 scale mail of Voluce (worn) {-Cast Regen+ Str+7 Dex-3}
   (You bought it in a shop on level 4 of the Dungeon)

   It affects your strength (+7).
   It affects your dexterity (-3).
   It prevents spellcasting.
   It increases your rate of regeneration.
 k - a +2 buckler (worn)
 x - the +2 pair of boots of the Echidna (worn) {rCorr}
   (You found it on level 1 of the Lair of Beasts)

   It protects you from acid and corrosion.
 W - a +0 helmet (worn)
Jewellery
 e - an uncursed ring of resist corrosion
 n - a +3 ring of strength
 r - a +6 amulet of reflection (around neck)
 y - the ring of the Raven {rF+ Stlth-}
   (You found it on level 1 of the Lair of Beasts)

   [ring of loudness]

   It protects you from fire.
   It makes you less stealthy.
 L - the ring "Fealo" (left hand) {rC+ SInv}
   (You found it on level 6 of the Lair of Beasts)

   [ring of protection from cold]

   It protects you from cold.
   It lets you see invisible.
 U - a +4 ring of evasion (right hand)
 Z - an uncursed ring of poison resistance
Wands
 j - a wand of acid (6/15)
 p - a wand of iceblast (8/15)
 O - a wand of lightning (7/15)
 R - a wand of random effects (25/48)
 S - a wand of flame (23/48)
 V - a wand of flame (43/48)
Scrolls
 b - 2 scrolls of blinking
 h - a scroll of enchant weapon
 l - 5 scrolls of amnesia
 q - 3 scrolls of recharging
 u - 3 scrolls of fog
 v - 2 scrolls of enchant armour
 A - 6 scrolls of remove curse
 E - 2 scrolls of teleportation
 M - 2 scrolls of magic mapping
 X - a scroll of fear
Potions
 i - 4 potions of invisibility
 m - 3 potions of lignification
 o - a potion of brilliance
 s - 2 potions of magic
 t - 2 potions of agility
 z - 5 potions of flight
 C - a potion of resistance
 F - a potion of cancellation {unknown}
 G - 3 potions of berserk rage
 I - 2 potions of haste
 J - 8 potions of curing
Books
 d - a book of Beasts

   Spells                             Type                      Level
   a - Summon Butterflies             Summoning                    1
   b - Call Canine Familiar           Summoning                    3
   c - Summon Ice Beast               Ice/Summoning                4
   d - Summon Mana Viper              Hexes/Summoning              5
   e - Summon Hydra                   Summoning                    7
 f - a Grand Grimoire

   Spells                             Type                      Level
   a - Monstrous Menagerie            Summoning                    7
   b - Summon Greater Demon           Summoning                    7
   c - Malign Gateway                 Summoning/Translocation      7
   d - Summon Horrible Things         Summoning                    8
 P - the Volume of Attacks and Lightness
   (You found it on level 4 of the Lair of Beasts)

   Spells                             Type                      Level
   a - Static Discharge               Conjuration/Air              3
   b - Airstrike                      Air                          4
   c - Orb of Destruction             Conjuration                  7
 T - a book of the Tempests

   Spells                             Type                      Level
   a - Static Discharge               Conjuration/Air              3
   b - Lightning Bolt                 Conjuration/Air              5
   c - Fireball                       Conjuration/Fire             5
   d - Tornado                        Air                          9
   e - Shatter                        Earth                        9
 Y - a book of Battle

   Spells                             Type                      Level
   a - Infusion                       Charms                       1
   b - Shroud of Golubria             Charms/Translocation         2
   c - Song of Slaying                Charms                       2
   d - Spectral Weapon                Hexes/Charms                 3
   e - Regeneration                   Charms/Necromancy            3
Comestibles
 a - 8 royal jellies
 c - 5 bread rations
 w - 10 meat rations
 D - 10 beef jerkies
 H - 18 fruits


   Skills:
 * Level 10.5 Fighting
 + Level 12.5 Polearms
 * Level 9.3 Armour
 + Level 11.4 Dodging
 - Level 2.1 Stealth
 - Level 7.5 Shields
 * Level 12.6 Invocations
 + Level 4.6 Evocations


You had 13 spell levels left.
You didn't know any spells.

Dungeon Overview and Level Annotations

Branches:
Dungeon (11/15)            Temple (0/1) D:5            Lair (6/6) D:9
 Shoals (0/4) Lair:4        Snake (0/4) Lair:4        Slime (0/5) Lair:6
    Orc: D:9-12

Altars:
Fedhas
Hepliaklqana
Kikubaaqudgha
Makhleb
Sif Muna
Trog
Vehumet
Yredelemnul
Zin

Shops:
D:4 [   D:5 =   D:6 *   D:7 (

Annotations:
Lair:5 exclusion: oklob plant


Innate Abilities, Weirdness & Mutations

You revert to your normal form in water.
You are very nimble and swift while swimming.
You are very stealthy in the water.
Scrolls take you a little longer to read.
Your flesh is cold resistant. (rC+)
Armour fits poorly on your strangely shaped body.
Your flesh is heat resistant. (rF+)
Your spells are a little harder to cast, but a little more powerful.
You evolve.


Message History

The spriggan hits you with a short sword!
You wake up.
You hit the spriggan but do no damage.
The spriggan is severely wounded.
The spriggan misses you.
You puncture the spriggan!
You kill the spriggan!
The dream sheep ruffles its wool and motes of dream dust sparkle, to no effect.
Things that are here:
a robe; a short sword The dream sheep ruffle their wool and motes of dream dust sparkle, to no effect.
You see here a spear.
Sprigter of pepen emerges from the mists of memory!
The dream sheep shake their wool and sparkle.
You feel drowsy...
You fall asleep.
Sprigter of pepen gestures at the komodo dragon while chanting.
The komodo dragon seems to slow down.
The komodo dragon bites you!!!!
You wake up.
Ouch! That really hurt!
You die...

♣..♣♣♣♣......♣♣.†.♣♣♣
♣♣.Y♣♣.....♣ ♣♣♣♣..♣♣
♣♣ ♣.Y.[..♣♣ ♣♣..#♣..
♣♣..[♣♣♣ ♣♣.†^#. ♣.YY.♣
#...... ♣♣...♣♣ ##.....
♣♣.R.♣♣♣♣♣♣♣ ##....
♣♣.l♣♣....♣######....
♣♣♣..@.....#.##.......
♣♣............##...P#..
♣..............##..P###
♣..............#..P.#
#.............#..####
#...............##
#..............#.#
##..............###
#..............P#


You could see the friendly sprigter of pepen the hexer, a komodo dragon and 4
dream sheep.

Vanquished Creatures
  3 hydras
  Nergalle (D:10)
  2 griffons (Lair:4)
  A black mamba (Lair:4)
  7 elephants (Lair:5)
  A torpor snail (Lair:5)
  9 spiny frogs
  A rime drake (Lair:2)
  7 komodo dragons
  5 polar bears
  18 blink frogs
  A boulder beetle (Lair:6)
  A wraith (D:9)
  11 spriggans (Lair:6)
  5 wyverns (Lair:4)
  2 basilisks (Lair:4)
  17 yaks
  7 hippogriffs
  A hungry ghost (D:10)
  A steam dragon (D:10)
  3 nagas (Lair:4)
  13 water moccasins
  2 soldier ants (D:8)
  2 orc warriors
  2 ice beasts
  5 porcupines
  4 wasps
  2 sky beasts
  A necrophage (D:10)
  A boggart (Lair:6)
  3 phantoms
  An ogre (D:9)
  25 wolves
  2 centaurs
  10 crocodiles
  An elf zombie (D:9)
  6 giant frogs
  A scorpion (D:5)
  A wyvern skeleton (D:10)
  A water moccasin skeleton (D:6)
  3 killer bees (D:11)
  4 wights (D:9)
  A howler monkey (D:7)
  4 crimson imps
  A quasit (D:8)
  A jelly (D:9)
  A centaur zombie (D:9)
  3 orc priests
  A gnoll shaman (D:9)
  4 hounds
  5 orc wizards
  2 centaur skeletons
  A giant frog skeleton (D:9)
  5 human zombies (D:9)
  8 worker ants
  5 iguanas
  3 human skeletons (D:9)
  2 hound zombies
  2 hound skeletons (D:8)
  2 mummies (D:9)
  A howler monkey zombie (D:5)
  15 gnolls
  12 adders
  19 river rats
  3 shadow imps
  An ooze (D:3)
  An adder zombie (D:8)
  2 adder skeletons
  7 worms
  3 dart slugs
  4 giant geckos
  33 orcs
  A ball python (D:1)
  3 giant cockroaches
  9 goblins
  5 hobgoblins
  3 jackals (D:1)
  3 quokkas
  5 bats
  13 giant newts
  A jackal skeleton (D:4)
  8 kobolds
  6 rats
  A butterfly (Lair:3)
  16 plants (Lair:5)
420 creatures vanquished.

Vanquished Creatures (collateral kills)
  2 hydras
  2 elephants (Lair:5)
  2 spiny frogs
  4 rime drakes (Lair:4)
  A komodo dragon (Lair:1)
  2 polar bears (Lair:6)
  6 blink frogs
  2 spriggans (Lair:6)
  2 yaks (Lair:1)
  A wyvern (Lair:4)
  3 basilisks
  3 hippogriffs
  Grum (D:8)
  A naga (Lair:4)
  2 water moccasins
  An orc warrior (D:8)
  A sky beast (D:10)
  A black bear (Lair:6)
  A wasp (Lair:6)
  2 phantoms
  8 wolves
  2 ogres
  2 crocodiles
  2 giant frogs
  A gnoll sergeant (D:8)
  A wight (D:9)
  A jelly (D:9)
  An orc wizard (D:9)
  2 worker ants
  A river rat (Lair:2)
  2 adders
  An adder skeleton (D:6)
  A worm (D:4)
  A giant gecko (D:9)
  3 orcs
  A quokka (D:5)
  A giant gecko skeleton (D:5)
  A rat (D:3)
  A plant (Lair:5)
73 creatures vanquished.

Vanquished Creatures (others)
  A centaur (D:8)
  A giant frog (D:10)
  A killer bee (D:10)
  11 hexers
  A gnoll (D:10)
  A goblin (D:3)
  4 fungi
  2 plants
22 creatures vanquished.

Grand Total: 515 creatures vanquished

Notes
Turn   | Place    | Note
-------+----------+-------------------------------------------
     0 | D:1      | epen the Merfolk Monk began the quest for the Orb.
     0 | D:1      | Reached XP level 1. HP: 18/18 MP: 1/1
    71 | D:1      | Reached XP level 2. HP: 22/24 MP: 2/2
   168 | D:1      | Reached skill level 5 in Polearms
   333 | D:1      | Reached XP level 3. HP: 20/29 MP: 3/3
   341 | D:1      | Reached skill level 1 in Armour
  1275 | D:2      | Reached XP level 4. HP: 36/36 MP: 4/4
  2527 | D:4      | Found Liruesm's Armour Emporium.
  2648 | D:4      | Reached skill level 1 in Shields
  2920 | D:4      | Reached XP level 5. HP: 36/42 MP: 5/5
  3437 | D:3      | Found a hazy altar of Hepliaklqana.
  3765 | D:3      | Reached XP level 6. HP: 48/48 MP: 6/6
  3799 | D:3      | Became a worshipper of Hepliaklqana
  3799 | D:3      | Reached * piety under Hepliaklqana
  3799 | D:3      | Reached ** piety under Hepliaklqana
  3800 | D:3      | Remembered your ancestor sprigter of pepen as a hexer
  4166 | D:3      | Found a deep blue altar of Sif Muna.
  4320 | D:4      | Reached skill level 1 in Invocations
  4727 | D:4      | Noticed a sky beast
  4746 | D:4      | Killed a sky beast
  4746 | D:4      | Reached skill level 5 in Dodging
  4753 | D:4      | Gained mutation: You evolve. [mutagenic meat]
  4950 | D:4      | Noticed a phantom
  4968 | D:4      | Killed a phantom
  4968 | D:4      | Reached XP level 7. HP: 30/48 MP: 8/8
  5097 | D:5      | Entered Level 5 of the Dungeon
  5099 | D:5      | Found a staircase to the Ecumenical Temple.
  5257 | D:5      | Found a burning altar of Makhleb.
  5343 | D:5      | Found Velug's Jewellery Shoppe.
  5435 | D:5      | Reached *** piety under Hepliaklqana
  5721 | D:6      | Found a glowing silver altar of Zin.
  5849 | D:6      | Reached XP level 8. HP: 37/54 MP: 10/10
  6087 | D:6      | Found Geazoo's Serpentskin Sales.
  6109 | D:6      | Reached skill level 5 in Fighting
  6552 | D:6      | Found a radiant altar of Vehumet.
  6690 | D:7      | Reached **** piety under Hepliaklqana
  6702 | D:7      | Reached skill level 5 in Invocations
  6702 | D:7      | Reached XP level 9. HP: 54/61 MP: 12/12
  6900 | D:7      | Found Osieze's Antique Weapon Shop.
  6996 | D:7      | Gained mutation: Your spells are a little harder to cast, but a little more powerful. [evolution]
  7354 | D:8      | Found a bloodstained altar of Trog.
  7702 | D:8      | Noticed Grum
  7756 | D:8      | Found an ancient bone altar of Kikubaaqudgha.
  8414 | D:8      | Killed Grum
  8485 | D:8      | Reached skill level 5 in Armour
  9139 | D:4      | Bought the +5 scale mail of Voluce {-Cast Regen+ Str+7 Dex-3} for 374 gold pieces
  9263 | D:9      | Reached ***** piety under Hepliaklqana
  9273 | D:9      | Reached XP level 10. HP: 67/69 MP: 15/15
  9633 | D:9      | Reached skill level 5 in Shields
  9797 | D:9      | Found a staircase to the Lair.
  9989 | D:9      | Gained mutation: Your flesh is cold resistant. (rC+) [evolution]
  9995 | D:9      | Found a basalt altar of Yredelemnul.
 10432 | D:10     | Entered Level 10 of the Dungeon
 10754 | D:10     | Reached XP level 11. HP: 65/75 MP: 17/17
 10929 | D:10     | Reached skill level 10 in Polearms
 11033 | D:10     | Noticed Nergalle
 11048 | D:10     | Killed Nergalle
 11328 | Lair:1   | Entered Level 1 of the Lair of Beasts
 11421 | Lair:1   | Noticed a seven-headed hydra
 11439 | Lair:1   | Killed a seven-headed hydra
 11688 | Lair:1   | Got a pair of twisted boots
 11699 | Lair:1   | Identified the +2 pair of boots of the Echidna {rCorr} (You found it on level 1 of the Lair of Beasts)
 11721 | Lair:1   | Got a smoking granite ring
 12516 | Lair:2   | Reached XP level 12. HP: 84/84 MP: 19/19
 12555 | Lair:2   | Noticed a four-headed hydra
 12569 | Lair:2   | Killed a four-headed hydra
 12618 | Lair:2   | Reached skill level 10 in Invocations
 12775 | Lair:2   | Identified the ring of the Raven {rF+ Stlth-} (You found it on level 1 of the Lair of Beasts)
 13045 | Lair:2   | Gained mutation: Your flesh is heat resistant. (rF+) [evolution]
 13048 | Lair:2   | Reached skill level 10 in Dodging
 13227 | Lair:3   | Reached ****** piety under Hepliaklqana
 13965 | Lair:4   | Found a staircase to the Shoals.
 13983 | Lair:4   | Noticed a four-headed hydra
 13998 | Lair:4   | Reached skill level 1 in Evocations
 14019 | Lair:4   | Killed a four-headed hydra
 14254 | Lair:4   | Reached XP level 13. HP: 61/90 MP: 16/21
 14267 | Lair:4   | Found a staircase to the Snake Pit.
 14373 | Lair:4   | Gained mutation: Armour fits poorly on your strangely shaped body. [evolution]
 14587 | Lair:4   | Identified the Volume of Attacks and Lightness
 16653 | Lair:5   | Found a blossoming altar of Fedhas.
 17306 | Lair:6   | Entered Level 6 of the Lair of Beasts
 17358 | Lair:6   | Gained mutation: Scrolls take you a little longer to read. [evolution]
 17447 | Lair:6   | Reached skill level 10 in Fighting
 17868 | Lair:6   | Found a staircase to the Slime Pits.
 18034 | Lair:6   | Got a fine granite ring
 18038 | Lair:6   | Identified the ring "Fealo" {rC+ SInv} (You found it on level 6 of the Lair of Beasts)
 18078 | Lair:6   | Reached XP level 14. HP: 93/99 MP: 23/23
 18408 | Lair:6   | Annihilated by a komodo dragon

Vault maps used:
D:1:      eino_arrival_cavern_b, minmay_misc_feat_encased,
          minmay_tree_intersection, minmay_lizard_king
D:2:      serial_bayou_pond_c, st_stairs_1, hex_tiny
D:3:      lemuel_crystal_altar, led_sif_pool, grunt_ministairs_3,
          kennysheep_nondescript
D:4:      first_bread, serial_shops, shop, serial_bayou_lagoon_a, st_stairs_3
D:5:      marbit_many_paths, serial_shops, shop_fountains
D:6:      old_standard_altar, basic_altar, guppyfry_shop_venom
D:7:      serial_shops, shop
D:8:      kennysheep_mini_moat, hangedman_pestilent_swarm, lemuel_tele_altar,
          uniq_grum
D:9:      lemuel_mausoleum_altar_yredelemnul, lair_0_dummy
D:10:     hangedman_decor_growths, uniq_nergalle
D:11:     serial_shops, shop_fountains
Lair:1:   st_stairs_9, nicolae_lair_grove_arrangements
Lair:3:   st_stairs_9, grunt_forest_large_clearings, lemuel_fruit_fields,
          serial_bayou_shore_a
Lair:4:   shoals_dummy_entry, minmay_snake_entry_guardpost_small, special_room
Lair:5:   wad_woods_structure_01, tgw_fedhas
Lair:6:   minmay_lair_end_enchanted_forest, slime_dummy,
          grunt_forest_small_clearing_treed, grunt_megastairs_1

Skill      XL: |  1  2  3  4  5  6  7  8  9 10 11 12 13 |
---------------+----------------------------------------+-----
Polearms       | 5 6 7 9 10 11 12 | 12.5
Armour         | 1 2 3 4 5 6 7 8 9 |  9.3
Shields        | 1 2 3 4 5 6 7 |  7.5
Invocations    | 2 3 5 6 8 9 11 12 | 12.6
Fighting       | 4 5 6 7 8 9 10 | 10.5
Dodging        | 5 6 7 8 9 10 11 | 11.4
Evocations     | 2 4 |  4.6
Stealth        | |  2.1

Action                   |  1- 3 |  4- 6 |  7- 9 | 10-12 | 13-15 || total
-------------------------+-------+-------+-------+-------+-------++-------
Melee: Spear             |   130 |   203 |       |       |       ||   333
       Halberd           |       |    99 |   289 |   120 |       ||   508
       Trident           |       |       |    36 |   813 |   976 ||  1825
       Glaive            |       |       |    22 |       |       ||    22
Invok: Ancestor Life: He |       |     1 |       |       |       ||     1
       Ancestor Identity |       |     1 |       |       |       ||     1
       Recall Ancestor   |       |       |     2 |     1 |       ||     3
       Transference      |       |       |       |     1 |       ||     1
       Idealise          |       |       |       |     1 |     4 ||     5
  Use: Scroll            |       |     3 |    15 |    11 |     2 ||    31
       Potion            |       |       |     3 |     1 |       ||     4
 Stab: Sleeping          |     5 |     2 |     4 |       |       ||    11
       Confused          |       |     1 |    12 |    16 |    12 ||    41
       Distracted        |       |     1 |     5 |     9 |     9 ||    24
       Held in net/web   |       |       |       |     2 |       ||     2
  Eat: Chunk             |     1 |     8 |    14 |    16 |     7 ||    46
       Meat ration       |       |     1 |       |       |       ||     1
       Pizza             |       |       |       |     1 |     1 ||     2
       Bread ration      |       |       |       |       |     1 ||     1
       Royal jelly       |       |       |       |       |     1 ||     1
Armor: Robe              |     6 |     4 |       |       |       ||    10
       Ring mail         |       |    21 |    77 |       |       ||    98
       Scale mail        |       |       |     5 |   142 |    97 ||   244
Dodge: Dodged            |    55 |   107 |   191 |   319 |   311 ||   983
Block: Buckler           |     6 |    69 |    32 |   395 |   360 ||   862
       Reflection        |       |     2 |     3 |     5 |     1 ||    11
       Other             |       |    22 |    98 |    21 |       ||   141
